 Dungeon Crawl Stone Soup version 0.25.1-2-g60ff931df9 (webtiles) character file.

Game seed: 7802833739071020174

62 hellfireifrit the Ruffian (level 3, -4/28 HPs)
             Began as a Draconian Transmuter on Nov 1, 2020.
             Was an Initiate of Okawaru.
             Slain by a gnoll
             ... wielding a +0 halberd
              (13 damage)
             ... on level 2 of the Dungeon.
             The game lasted 00:19:04 (1683 turns).

hellfireifrit the Ruffian (Draconian Transmuter)    Turns: 1683, Time: 00:19:05

Health: -4/28      AC:  5    Str: 13    XL:     3   Next: 85%
Magic:  1/6        EV: 12    Int: 13    God:    Okawaru [......]
Gold:   70         SH:  0    Dex: 11    Spells: 3/6 levels left

rFire    . . .     SeeInvis .     - Unarmed
rCold    . . .     Gourm    .   (no shield)
rNeg     . . .     Faith    .   (armour unavailable)
rPois    .         Spirit   .   (helmet restricted)
rElec    .         Reflect  .   (no cloak)
rCorr    .         Harm     .   (no gloves)
MR       .....                  (no boots)
Stlth    +.........             (no amulet)
HPRegen  0.09/turn              (no ring)
MPRegen  0.10/turn              (no ring)

@: very slightly contaminated
A: unfitting armour, cold-blooded, AC +5
a: Renounce Religion


You were on level 2 of the Dungeon.
You worshipped Okawaru.
Okawaru was noncommittal.
You were not hungry.

You visited 1 branch of the dungeon, and saw 2 of its levels.

You collected 70 gold pieces.

Inventory:

Hand Weapons
 e - a +0 club
Missiles
 a - 52 arrows
 l - 7 datura-tipped darts (quivered)
 p - 10 bolts
 q - 21 stones
Armour
 b - a +2 cloak
 f - a +0 ring mail
 j - a +0 leather armour
 k - a +0 plate armour
Scrolls
 g - 4 scrolls of identify {unknown}
 h - 4 scrolls of remove curse {unknown}
 m - a scroll of amnesia {unknown}
 n - a scroll of random uselessness {unknown}
Potions
 d - 2 potions of curing {unknown}
 i - a potion of haste {unknown}
 o - a potion of lignification {unknown}
Comestibles
 c - 3 rations


   Skills:
 + Level 1.3 Fighting
 + Level 2.2 Dodging
 + Level 0.4 Stealth
 + Level 3.7 Unarmed Combat
 + Level 2.2 Spellcasting
 + Level 2.6 Transmutations


You had 3 spell levels left.
You knew the following spells:

 Your Spells              Type           Power        Failure   Level  Hunger
a - Beastly Appendage     Tmut           #.....       9%          1    ##.....
b - Sticks to Snakes      Tmut           #.......     13%         2    ###....

Your spell library contained the following spells:

 Spells                   Type           Power        Failure   Level  Hunger
 Spider Form              Tmut/Pois      #.........   41%         3    ####...
 Ice Form                 Ice/Tmut       #.......     82%         4    #####..
 Blade Hands              Tmut           #.........   93%         5    ######.


Dungeon Overview and Level Annotations

Branches:
Dungeon (2/15)

Altars:
Okawaru
The Shining One


Innate Abilities, Weirdness & Mutations

Your plain brown scales are hard. (AC +5)
You cannot fit into any form of body armour.
You are cold-blooded and may be slowed by cold attacks.


Message History

The gnoll hits you from afar with a +0 halberd!
The gnoll shouts!
Your ball python completely misses the gnoll.
Your ball python grabs the gnoll.
Your ball python constricts the gnoll.
The gnoll closely misses your ball python.
The gnoll hits your ball python with a +0 halberd.
Your ball python dies!
Casting: Sticks to Snakes (safe; 13% risk of failure)
Confirm with . or Enter, or press ? or * to list all spells.
You don't have enough magic to cast that spell.
The gnoll throws a throwing net.
The throwing net hits you.
You become entangled in the net!
You see here a throwing net.
You struggle against the net.
You tear a large gash into the net.
The gnoll completely misses you.
You struggle against the net.
The gnoll hits you from afar with a +0 halberd.
You rip the net and break free!
The gnoll hits you from afar with a +0 halberd!
You die...

##...##......#.............>....#
#.....'#.....#.÷.................
.......##.....÷...######........#
..._....###.......######........#
.......##....#...............####
#.....##..##.#......########.#
##...##..# ...##......# #.####
##.##........##..†...######<#...
### ........ #@..........#.#..†
....... #...........#..... ..###
#g.g........###### #...........".
#..g....>..... ###.g.........
#.....####.# #.....# #.....#


You could see 4 gnolls.

Vanquished Creatures
  2 adders (D:2)
  An ooze (D:1)
  A dart slug (D:1)
  2 giant cockroaches
  5 goblins
  4 hobgoblins
  3 jackals (D:1)
  A quokka (D:2)
  6 bats
  4 frilled lizards
  6 rats
  A plant (D:1)
36 creatures vanquished.

Vanquished Creatures (collateral kills)
  A giant cockroach (D:2)
  2 bats (D:2)
  A frilled lizard (D:2)
4 creatures vanquished.

Grand Total: 40 creatures vanquished

Notes
Turn   | Place    | Note
-------+----------+-------------------------------------------
     0 | D:1      | hellfireifrit the Draconian Transmuter began the quest for
                  | the Orb.
     0 | D:1      | Reached XP level 1. HP: 16/16 MP: 3/3
   311 | D:1      | Reached XP level 2. HP: 16/23 MP: 3/5
  1105 | D:1      | Found an iron altar of Okawaru.
  1120 | D:1      | Reached XP level 3. HP: 26/28 MP: 6/6
  1143 | D:1      | Became a worshipper of Warmaster Okawaru
  1247 | D:1      | Learned a level 2 spell: Sticks to Snakes
  1347 | D:2      | Found a glowing golden altar of the Shining One.
  1683 | D:2      | Slain by a gnoll

Illustrated notes

Levels and vault maps discovered:
D:1:      lightli_arrival_windingriver, layout_rooms, okawaru_ov_weapons_minmay
D:2:      layout_basic, tso_metal_star, first_ration, minmay_hexomino_f4

Skill      XL: |  1 |
---------------+----+-----
Dodging        | 2 |  2.2
Fighting       | |  1.3
Stealth        | |  0.4
Unarmed Combat | |  3.7
Spellcasting   | |  2.2
Transmutations | |  2.6

Action                   || total
-------------------------++-------
Melee: Unarmed           ||   192
       Tailslap          ||    27
       Headbutt          ||     2
       Punch             ||     2
       Kick              ||     2
 Cast: Beastly Appendage ||     5
       Sticks to Snakes  ||     6
 Stab: Sleeping          ||     1
  Eat: Ration            ||     2
Armor: Skin              ||    48
Dodge: Dodged            ||   104
